 Dungeon Crawl Stone Soup version 0.29.1-15-g9cfb28693d (webtiles) character file.

Game seed: 17853253439504590659

89063 mongooserunner the Warrior (level 15, -22/106 HPs)
             Began as a Minotaur Fighter on Mar 3, 2023.
             Was the Champion of the Shining One.
             Annihilated by Smersh616's ghost (25 damage)
             ... on level 13 of the Dungeon.
             The game lasted 01:42:49 (21565 turns).

mongooserunner the Warrior (Minotaur Fighter)      Turns: 21565, Time: 01:42:49

Health: -22/106    AC: 40    Str: 27      XL:     15   Next: 48%
Magic:  2/14       EV:  9    Int:  6      God:    the Shining One [******]
Gold:   2354       SH: 23    Dex: 10 (11) Spells: 14/14 levels left

rFire   . . .      SeeInvis .   F - +4 war axe (flame)
rCold   + . .      Faith    .   G - +2 kite shield {AC+3}
rNeg    + + +      Spirit   .   N - +18 Lear's hauberk
rPois   .          Reflect  .   (helmet currently unavailable)
rElec   .          Harm     .   c - +1 cloak
rCorr   +          Rampage  .   (gloves currently unavailable)
Will    +....      Rnd*Tele +   (boots currently unavailable)
Stlth   ..........              m - amulet of Ignis's Reproof {rN+ Regen+ Int+5 Stlth+}
HPRegen 0.00/turn               T - ring of Omyank {+Blink Fly rC+ rCorr}
MPRegen 0.14/turn               O - +4 ring of protection

@: divinely shielded, on berserk cooldown, flying, inhibited regen, slowed,
glowing, unable to read, unable to drink, very slow
A: horns 2, retaliatory headbutt, talons 1, teleportitis 1, [deterioration 2],
dopey 1[+1], [frail 3], [low MP 3], [screaming 2], [inhibited regeneration],
[subdued magic 2], [inability to drink after injury 2], [inability to read after
injury 2]
a: Renounce Religion, Evoke Blink, Divine Shield, Cleansing Flame, Summon Divine
Warrior, Brand Weapon With Holy Wrath


You were on level 13 of the Dungeon.
You worshipped the Shining One.
The Shining One was exalted by your worship.
You visited 4 branches of the dungeon, and saw 21 of its levels.
You also visited: Ossuary.

You collected 2634 gold pieces.
You spent 280 gold pieces at shops.

Inventory:

Hand Weapons
 z - the +9 spear "Plog" {antimagic, rCorr Dex+3}
   (You found it on level 13 of the Dungeon)

   It reduces the magical energy of the wielder, and disrupts the spells and
   magical abilities of those it strikes.
   Natural abilities and divine invocations are not affected.
   Dex:       It affects your dexterity (+3).
   rCorr:     It protects you from acid and corrosion.
 F - a +4 war axe of flaming (weapon)
Missiles
 n - a throwing net (quivered)
Armour
 a - a +0 plate armour of poison resistance
 c - a +1 cloak (worn)
 g - a +2 hat
 r - a +1 pair of boots
 G - a +2 kite shield of protection (worn)
 L - a +2 robe of fire resistance
 N - the +18 Lear's hauberk (worn)
   (You found it on level 8 of the Dungeon)
 S - a +1 pair of gloves
Jewellery
 h - the ring "Gaqeojiu" {Ice rN++ Dex-5}
   (You found it on level 9 of the Dungeon)

   [ring of ice]

   It enhances your ice magic.
   Dex:       It affects your dexterity (-5).
   rF:        It makes you vulnerable to fire.
   rC:        It protects you from cold.
   rN:        It greatly protects you from negative energy.
 m - the amulet of Ignis's Reproof (around neck) {rN+ Regen+ Int+5 Stlth+}
   (You found it on level 9 of the Dungeon)

   [amulet of regeneration]

   Int:       It affects your intelligence (+5).
   rN:        It protects you from negative energy.
   Regen:     It increases your rate of health regeneration.
   Stlth:     It makes you more stealthy.
 O - a +4 ring of protection (right hand)
 Q - an amulet of reflection
 R - a ring of protection from cold
 T - the ring of Omyank (left hand) {+Blink Fly rC+ rCorr}
   (You found it on level 5 of the Lair of Beasts)

   [ring of protection from cold]

   rC:        It protects you from cold.
   Fly:       It grants you flight.
   +Blink:    It lets you blink.
   rCorr:     It protects you from acid and corrosion.
 X - a ring of protection from cold
 Y - a ring of willpower
Wands
 q - a wand of charming (15)
 s - a wand of flame (17)
 u - a wand of polymorph (8)
 K - a wand of iceblast (19)
 W - a wand of light (9)
 Z - a wand of mindburst (6)
Scrolls
 b - 2 scrolls of summoning
 k - 3 scrolls of blinking
 p - 4 scrolls of poison
 t - 11 scrolls of teleportation
 v - 3 scrolls of silence
 x - a scroll of fear
 y - a scroll of fog
 B - 2 scrolls of identify
 D - a scroll of enchant armour
 E - 3 scrolls of enchant weapon
 M - 2 scrolls of magic mapping
 P - 2 scrolls of torment
Potions
 d - 6 potions of might
 e - 11 potions of curing
 f - 12 potions of brilliance
 i - 4 potions of berserk rage
 j - 5 potions of lignification
 l - 5 potions of heal wounds
 o - 2 potions of attraction
 A - 2 potions of magic {unknown}
 C - 6 potions of haste
 I - 3 potions of cancellation
 U - 2 potions of invisibility
 V - 5 potions of flight
Miscellaneous
 w - a box of beasts
 J - a phantom mirror


   Skills:
 + Level 19.3 Fighting
 - Level 18.1 Axes
 + Level 1.8(12.0) Polearms
 + Level 13.1 Armour
 + Level 4.6 Dodging
 + Level 11.9 Shields
 * Level 8.9 Invocations


You had 14 spell levels left.
You didn't know any spells.
Your spell library contained the following spells:

 Spells                   Type           Power      Damage    Failure   Level
 Magic Dart               Conj           0%         1d3       98%         1
 Sandblast                Erth           0%         2d4       98%         1
 Summon Small Mammal      Summ           0%         N/A       98%         1
 Ensorcelled Hibernation  Hex/Ice        0%         N/A       99%         2
 Passwall                 Tmut/Erth      0%         N/A       99%         2
 Poisonous Vapours        Pois/Air       0%         N/A       99%         2
 Searing Ray              Conj           0%         2d4       99%         2
 Static Discharge         Conj/Air       0%         3-3/arc   99%         2
 Call Canine Familiar     Summ           0%         N/A       100%        3
 Conjure Flame            Conj/Fire      0%         6-21      100%        3
 Gell's Gravitas          Tloc           0%         N/A       100%        3
 Stone Arrow              Conj/Erth      0%         3d7       100%        3
 Summon Guardian Golem    Hex/Summ       0%         N/A       100%        3
 Swiftness                Air            0%         N/A       100%        3
 Teleport Other           Tloc           0%         N/A       100%        3
 Airstrike                Air            0%         2d(0-16)  100%        4
 Animate Armour           Summ/Erth      0%         N/A       100%        4
 Corpse Rot               Necr/Pois/Air  0%         N/A       100%        4
 Fulminant Prism          Conj/Hex       0%         3d6       100%        4
 Summon Lightning Spire   Summ/Air       0%         N/A       100%        4
 Fireball                 Conj/Fire      0%         3d3       100%        5
 Iskenderun's Battlesphe  Conj           0%         2d6       100%        5
 Lightning Bolt           Conj/Air       0%         1d11      100%        5
 Dispersal                Tloc           0%         N/A       100%        6
 Starburst                Conj/Fire      0%         6d3       100%        6
 Lehudib's Crystal Spear  Conj/Erth      0%         10d2      100%        8
 Maxwell's Capacitive Co  Air            0%         ∞         100%        8


Dungeon Overview and Level Annotations

Branches:
Dungeon (13/15)            Temple (0/1) D:4            Lair (5/5) D:9
  Swamp (0/4) Lair:2       Spider (0/4) Lair:3        Slime (0/5) Lair:4
    Orc (2/2) D:10            Elf (1/3) Orc:2       Ossuary (visited)
 Vaults: D:13-14

Altars:
Dithmenos
Elyvilon
Gozag
Hepliaklqana
Qazlal
Ru
Wu Jian
The Shining One
Jiyva
Lugonu

Shops:
D:7 (   Orc:2 ?([*:

Portals:
Abyss: D:13 Lair:5

Annotations:
D:10 2 runed translucent doors, exclusion: orange crystal statue
D:13 1 transporter, Smersh616's ghost, adept FoDe


Innate Abilities, Weirdness & Mutations

You have a pair of horns on your head.
You reflexively headbutt those who attack you in melee.
You have sharp toenails.
You are occasionally teleported next to monsters.
[Your body often deteriorates upon taking damage.]
[You are very dopey. (Int -4)]
[You are extremely frail. (-30% HP)]
[Your magical capacity is extremely low. (-30% MP)]
[You frequently scream uncontrollably at your foes.]
[You do not regenerate when monsters are visible.]
[Your spells are easier to cast, but less powerful.]
[You sometimes lose the ability to drink potions when taking damage.]
[You sometimes lose the ability to read scrolls when taking damage.]


Message History

You hit Smersh616's ghost. You burn Smersh616's ghost.
You claw Smersh616's ghost, but do no damage.
Smersh616's ghost is severely damaged.
You feel sick. You block Smersh616's ghost's attack.
The wretched star pulses with an eldritch light!
Your connection to magic feels subdued.
Your connection to magic feels more subdued.
Smersh616's ghost hits you! The Shining One protects you from harm!
Unknown command.
Okay, then.
Activating: Cleansing Flame (10% risk of failure)
Press: ? - help, Dir - look around, f - activate The golden flame engulfs you but does no damage.
You resist.
The golden flame engulfs Smersh616's ghost!!
Smersh616's ghost writhes in agony!
Smersh616's ghost is almost destroyed.
The golden flame engulfs the wretched star but does no damage.
The wretched star is moderately damaged.
You feel sick.
You are no longer poisoned.
You block Smersh616's ghost's attack.
Okay, then.
You hit Smersh616's ghost but do no damage.
You claw Smersh616's ghost, but do no damage.
Smersh616's ghost is almost destroyed.
You block Smersh616's ghost's attack.
Unknown command.
Okay, then.
You hit Smersh616's ghost but do no damage.
Your kick misses Smersh616's ghost.
Smersh616's ghost is almost destroyed.
You block Smersh616's ghost's attack.
The wretched star pulses with an eldritch light!
You feel stupid.
You hit Smersh616's ghost but do no damage.
Smersh616's ghost is almost destroyed.
Smersh616's ghost hits you!!
You die...

#### #.....####.........#
####..# #.......##.........##
#.....####.....#.##..........#
.............................#
..?..........................#
.............###..###........#
.......#....##.####.##.###...#
.......#....#...## ..###.#...#
......##....#!∩.@# #.....#...#
#...####...##.#..W####..##..##
##...##...##...###*o:#..#...#
##.......##...#.##.#..##...#
##...#...##?##..#.†.##.)..# ##
#...#....###..##..©#.....#
.####........©...#.#..#.....#
..####..........##.##.###...#
## ....###.[...##### .©.#.
#...# ##.


You could see a wretched star, an orc knight and Smersh616's ghost.

Vanquished Creatures
  Saint Roka (Orc:2)
  Jorgrun (Orc:2)
  Kirke (Lair:3)
  An orc warlord (Orc:1)
  2 very ugly things (D:13)
  A crystal guardian (D:13)
  3 hydras
  Erolcha (Orc:2)
  4 boulder beetles
  Erica (D:10)
  A death knight (D:9)
  2 centaur warriors (D:13)
  10 death yaks
  2 two-headed ogres
  A tengu warrior (D:8)
  2 orc high priests
  Urug (Orc:1)
  4 thrashing horrors (Lair:5)
  3 large abominations (Lair:5)
  A skeletal warrior (D:9)
  A glowing orange brain (D:13)
  7 orc knights
  A deep elf archer (D:13)
  6 deep elf pyromancers
  3 deep elf zephyrmancers
  3 ugly things
  3 manticores
  4 orc sorcerers
  2 worldbinders (D:13)
  3 cyclopes
  3 elephants (Lair:1)
  3 torpor snails
  6 black mambas
  11 cane toads
  3 kobold demonologists
  4 rime drakes
  9 komodo dragons
  A freezing wraith (D:9)
  A tengu conjurer (D:9)
  3 ancient zymes (Lair:5)
  A red devil (D:13)
  12 trolls
  A meliai (D:13)
  2 polar bears
  12 blink frogs
  6 dream sheep (Lair:4)
  7 slime creatures (D:13)
  A spriggan (shapeshifter) (Lair:5)
  6 wyverns
  A spriggan (Lair:4)
  A ynoxinul (Lair:5)
  2 shadows (D:10)
  2 wraiths
  2 humans (shapeshifter)
  56 yaks
  8 basilisks
  7 hogs (Lair:3)
  4 fire bats (D:12)
  A redback (Lair:3)
  11 vampire mosquitoes
  3 chaos spawn (Lair:5)
  5 wargs
  3 acid dragons
  6 water moccasins
  A hell hound (D:12)
  An ice beast (D:8)
  39 orc warriors
  5 black bears
  A sky beast (D:8)
  3 ogres
  7 centaurs
  10 wolves
  A phantom (D:6)
  5 kobold brigands
  15 bullfrogs
  A necrophage (D:5)
  A gnoll sergeant (Orc:1)
  3 scorpions
  2 water moccasin zombies (Ossuary)
  10 wights
  12 small abominations (Lair:5)
  2 lava snakes (D:12)
  An electric eel (Lair:2)
  7 howler monkeys
  A bullfrog zombie (Ossuary)
  A human zombie (Ossuary)
  2 centaur zombies (Ossuary)
  22 orc priests
  5 hounds
  6 jellies
  Jessica (D:3)
  5 iguanas
  2 scorpion zombies (Ossuary)
  29 orc wizards
  Ijyb (D:3)
  An ogre zombie (Ossuary)
  Robin (D:3)
  6 gnolls
  8 adders
  A white imp (D:8)
  2 adder zombies (Ossuary)
  2 worms (D:2)
  5 dart slugs
  95 orcs
  8 bats
  8 endoplasms
  2 giant cockroaches (D:4)
  11 goblins (D:3)
  9 hobgoblins
  5 quokkas
  6 ball pythons
  5 gnoll zombies (Ossuary)
  2 goblin zombies (Ossuary)
  3 hobgoblin zombies (Ossuary)
  13 kobolds
  2 orc zombies (Ossuary)
  A rat (D:3)
  3 fire vortices (D:12)
681 creatures vanquished.

Vanquished Creatures (others)
  9 fungi
  15 plants
24 creatures vanquished.

Grand Total: 705 creatures vanquished

Notes
Turn   | Place    | Note
-------+----------+-------------------------------------------
     0 | D:1      | mongooserunner the Minotaur Fighter began the quest for the
                  | Orb.
     0 | D:1      | Reached XP level 1. HP: 19/19 MP: 0/0
   254 | D:1      | Reached XP level 2. HP: 27/27 MP: 1/1
   943 | D:2      | Reached skill level 4 in Fighting
   988 | D:2      | Found a faded altar of an unknown god.
  1006 | D:2      | Prayed at the altar of an unknown god.
  1006 | D:2      | Became a worshipper of Elyvilon the Healer
  1006 | D:2      | Reached * piety under Elyvilon
  1037 | D:2      | Reached XP level 3. HP: 23/33 MP: 2/2
  1501 | D:2      | Got the Precepts of Damage Dealing
  1889 | D:3      | Reached XP level 4. HP: 40/40 MP: 3/3
  1895 | D:3      | Noticed Ijyb
  1897 | D:3      | Found an opulent altar of Gozag.
  1902 | D:3      | Killed Ijyb
  1983 | D:3      | Noticed Jessica
  2002 | D:3      | Killed Jessica
  2114 | D:3      | Reached ** piety under Elyvilon
  2214 | D:3      | Noticed Robin
  2227 | D:3      | Reached XP level 5. HP: 32/47 MP: 4/4
  2233 | D:3      | Killed Robin
  2511 | D:4      | Reached skill level 5 in Axes
  2697 | D:4      | Found a staircase to the Ecumenical Temple.
  2732 | D:4      | Found a glowing golden altar of the Shining One.
  2738 | D:4      | Fell from the grace of Elyvilon
  2738 | D:4      | Became a worshipper of the Shining One
  2738 | D:4      | Reached * piety under the Shining One
  2921 | D:4      | Found a sacrificial altar of Ru.
  2937 | D:4      | Reached XP level 6. HP: 38/55 MP: 5/5
  3240 | D:4      | Found an ornate altar of the Wu Jian Council.
  3252 | D:4      | Found a hazy altar of Hepliaklqana.
  3434 | D:4      | Reached skill level 5 in Fighting
  3776 | D:5      | Entered Level 5 of the Dungeon
  4121 | D:5      | Found a shadowy altar of Dithmenos.
  4129 | D:5      | Reached skill level 1 in Dodging
  4129 | D:5      | Reached XP level 7. HP: 59/61 MP: 6/6
  4435 | D:5      | Reached skill level 5 in Armour
  4692 | D:6      | Reached XP level 8. HP: 69/69 MP: 7/7
  5631 | D:6      | HP: 1/70 [orc/+2 dagger of distortion (5)]
  6057 | D:7      | Reached skill level 10 in Axes
  6130 | D:7      | Found a sand-covered staircase.
  6137 | D:7      | Reached skill level 6 in Fighting
  6142 | Ossuary  | Entered an ossuary
  6154 | Ossuary  | Reached ** piety under the Shining One
  6224 | Ossuary  | Reached *** piety under the Shining One
  6251 | Ossuary  | Reached XP level 9. HP: 78/78 MP: 8/8
  6260 | Ossuary  | Noticed a silent spectre
  6379 | D:7      | Reached skill level 7 in Fighting
  6493 | D:7      | Found Yzont's Antique Weapon Shop.
  6780 | D:8      | Noticed a tengu warrior
  6800 | D:8      | Killed a tengu warrior
  6801 | D:8      | Reached skill level 5 in Shields
  6891 | D:8      | Found the +18 Lear's hauberk
  6947 | D:8      | Reached skill level 8 in Fighting
  6959 | D:8      | Reached **** piety under the Shining One
  6973 | D:8      | Reached XP level 10. HP: 90/90 MP: 9/9
  7240 | D:8      | Found a stormy altar of Qazlal.
  7324 | D:8      | Reached skill level 9 in Fighting
  7584 | D:9      | Noticed a skeletal warrior
  7585 | D:9      | Noticed a purple ugly thing
  7585 | D:9      | Noticed a cyclops
  7585 | D:9      | Noticed a manticore
  7600 | D:9      | Noticed a wolf spider
  7602 | D:9      | Noticed a deep elf pyromancer
  7603 | D:9      | Noticed a death knight
  7990 | D:9      | Noticed a faun
  8062 | D:9      | Found a staircase to the Lair.
  8109 | D:10     | Entered Level 10 of the Dungeon
  8179 | D:10     | Reached ***** piety under the Shining One
  8185 | D:10     | Reached skill level 10 in Fighting
  8210 | D:10     | Found a staircase to the Orcish Mines.
  8298 | D:10     | Reached skill level 15 in Axes
  8370 | D:10     | Found a runed translucent door.
  8376 | D:10     | Found the +10 tower shield of Ignorance {rN+ Int-4}
  8382 | D:10     | Found a runed translucent door.
  8383 | D:10     | Noticed an orange crystal statue
  8570 | D:10     | Reached XP level 11. HP: 101/101 MP: 10/10
  8712 | D:10     | Noticed Erica
  8720 | D:10     | Killed Erica
  8998 | D:11     | Noticed a boulder beetle
  9035 | D:11     | Killed a boulder beetle
  9128 | D:11     | Reached skill level 1 in Invocations
  9179 | D:11     | Reached skill level 11 in Fighting
  9804 | Lair:1   | Entered Level 1 of the Lair of Beasts
  9804 | Lair:1   | Noticed a boulder beetle
  9814 | Lair:1   | Killed a boulder beetle
  9876 | Lair:1   | Noticed a seven-headed hydra
 10195 | D:12     | Noticed a deep elf pyromancer
 10195 | D:12     | Noticed a brown ugly thing
 10198 | D:12     | Killed a deep elf pyromancer
 10202 | D:12     | Killed a brown ugly thing
 10390 | D:11     | Gained mutation: You have hidden genetic potential. [potion
                  | of mutation]
 10390 | D:11     | Gained mutation: [Your body sometimes deteriorates upon
                  | taking damage.] [potion of mutation]
 10390 | D:11     | Gained mutation: [You occasionally shout uncontrollably at
                  | your foes.] [potion of mutation]
 10390 | D:11     | Gained mutation: You possess an exceptional clarity of
                  | mind. [potion of mutation]
 10391 | D:11     | Lost mutation: You have hidden genetic potential. [potion
                  | of mutation]
 10391 | D:11     | Lost mutation: You possess an exceptional clarity of mind.
                  | [potion of mutation]
 10391 | D:11     | Gained mutation: [You are dopey. (Int -2)] [potion of
                  | mutation]
 10391 | D:11     | Gained mutation: You have sharp toenails. [potion of
                  | mutation]
 10392 | D:11     | Lost mutation: [Your body sometimes deteriorates upon
                  | taking damage.] [potion of mutation]
 10392 | D:11     | Lost mutation: [You occasionally shout uncontrollably at
                  | your foes.] [potion of mutation]
 10392 | D:11     | Gained mutation: You have hidden genetic defects. [potion
                  | of mutation]
 10392 | D:11     | Lost mutation: [You are dopey. (Int -2)] [potion of
                  | mutation]
 10392 | D:11     | Gained mutation: You are partially covered in iridescent
                  | scales. (AC +2) [potion of mutation]
 10393 | D:11     | Lost mutation: You are partially covered in iridescent
                  | scales. (AC +2) [potion of mutation]
 10393 | D:11     | Lost mutation: You have hidden genetic defects. [potion of
                  | mutation]
 10393 | D:11     | Gained mutation: [You are dopey. (Int -2)] [potion of
                  | mutation]
 10393 | D:11     | Gained mutation: You are occasionally teleported next to
                  | monsters. [potion of mutation]
 11182 | D:12     | Noticed an eight-headed hydra
 11472 | Lair:1   | Reached XP level 12. HP: 112/112 MP: 13/13
 11504 | Lair:1   | Reached skill level 12 in Fighting
 11622 | Lair:1   | Reached skill level 1 in Polearms
 11658 | Lair:1   | Found an ornate altar of the Wu Jian Council.
 11706 | Lair:1   | Killed a seven-headed hydra
 12445 | Lair:2   | Found a staircase to the Swamp.
 12511 | Lair:2   | Reached skill level 13 in Fighting
 13279 | Lair:3   | Noticed a death yak
 13281 | Lair:3   | Noticed a death yak
 13281 | Lair:3   | Noticed a death yak
 13282 | Lair:3   | Noticed a death yak
 13282 | Lair:3   | Noticed a death yak
 13292 | Lair:3   | Killed a death yak
 13293 | Lair:3   | Reached skill level 10 in Armour
 13293 | Lair:3   | Reached skill level 5 in Invocations
 13298 | Lair:3   | Killed a death yak
 13302 | Lair:3   | Killed a death yak
 13303 | Lair:3   | Reached skill level 14 in Fighting
 13303 | Lair:3   | Reached XP level 13. HP: 107/124 MP: 15/15
 13372 | Lair:3   | Noticed Kirke
 13394 | Lair:3   | Killed Kirke
 13477 | Lair:3   | Reached skill level 15 in Fighting
 13611 | Lair:3   | Found a hole to the Spider Nest.
 14023 | Lair:4   | Found a viscous altar of Jiyva.
 14023 | Lair:4   | Found a staircase to the Slime Pits.
 14141 | Lair:4   | Reached skill level 16 in Fighting
 14856 | Orc:1    | Entered Level 1 of the Orcish Mines
 15031 | Orc:2    | Entered Level 2 of the Orcish Mines
 15031 | Orc:2    | Noticed Jorgrun
 15032 | Orc:2    | Found Wimumeud's Magic Scroll Boutique.
 15158 | Orc:2    | Killed Jorgrun
 15216 | Orc:2    | Found a staircase to the Elven Halls.
 15223 | Orc:2    | Reached ****** piety under the Shining One
 15310 | Orc:1    | Noticed Urug
 15320 | Orc:1    | Killed Urug
 15355 | Orc:1    | Noticed an orc warlord
 15379 | Orc:1    | Killed an orc warlord
 15653 | Orc:1    | Reached XP level 14. HP: 138/138 MP: 16/18
 15768 | Orc:1    | Reached skill level 17 in Fighting
 15828 | Orc:1    | Paralysed by an orc sorcerer for 2 turns
 16489 | Orc:2    | Noticed Saint Roka
 16630 | Orc:2    | Killed Saint Roka
 16701 | Orc:2    | Paralysed by an orc sorcerer for 2 turns
 16779 | Orc:2    | Found Raimocsu's Book Shop.
 16822 | Orc:2    | Found Nupe Suo's Antique Armour Shop.
 16851 | Orc:2    | Bought a glowing kite shield for 217 gold pieces
 16892 | Orc:2    | Found Dif Qico's Antique Weapon Shop.
 17052 | Orc:2    | Found Lusytudem's General Store.
 17210 | Orc:2    | Noticed Erolcha
 17215 | Orc:2    | Killed Erolcha
 17446 | Orc:1    | Reached skill level 18 in Fighting
 17525 | Elf:1    | Entered Level 1 of the Elven Halls
 17947 | Lair:5   | Entered Level 5 of the Lair of Beasts
 18474 | Lair:5   | Reached skill level 10 in Shields
 18512 | Lair:5   | Identified the ring of Omyank {+Blink Fly rC+ rCorr}
 18828 | Lair:5   | Reached XP level 15. HP: 142/150 MP: 20/20
 18963 | Lair:5   | Found a corrupted altar of Lugonu.
 18963 | Lair:5   | Found a one-way gate to the infinite horrors of the Abyss.
 19866 | Orc:2    | Bought a wand of digging (1) for 63 gold pieces
 20052 | D:9      | Reached skill level 19 in Fighting
 20091 | D:9      | Identified the ring "Gaqeojiu" {Ice rN++ Dex-5}
 20114 | D:9      | Identified the amulet of Ignis's Reproof {rN+ Regen+ Int+5
                  | Stlth+}
 20601 | D:13     | Found a transporter.
 20603 | D:13     | Found a transporter.
 20662 | D:13     | Noticed Smersh616's ghost (adept FoDe)
 20758 | D:13     | Found a runed translucent door.
 21450 | D:13     | Identified the +3 chain mail of Tartarus {+Inv rC- Str-4
                  | Int+8}
 21455 | D:13     | Identified the +9 spear "Plog" {antimagic, rCorr Dex+3}
 21560 | D:13     | HP: 5/106 [poisoned by a red devil]
 21561 | D:13     | The Shining One protects you from harm!
 21565 | D:13     | Annihilated by Smersh616's ghost

Illustrated notes

Levels and vault maps discovered:
D:1:      lightli_arrival_windingriver, layout_basic, minivault_11,
          minmay_misc_feat_diagonals
D:2:      layout_loops_ring, hellmonk_ecumenical_altar_arch_garden,
          minmay_heptomino_l4
D:3:      layout_rooms, nicolae_gozag_seed_capital, uniq_ijyb, uniq_robin,
          uniq_jessica
D:4:      minmay_wonky_spiral, layout_basic, mainiacjoe_overflow_24_doors,
          lemuel_crystal_altar, mainiacjoe_overflow_catwalk_spiral,
          minmay_temple_entry_glassed_door, amethyst_killhole,
          grunt_ministairs_7, kennysheep_generic_room_13
D:5:      cheibrodos_thug_alley, layout_gridville,
          nicolae_dithmenos_the_darkroom, chequers_serial_rivers_room_a,
          hangedman_decor_growths
D:6:      layout_layer_cave, minmay_door_square, minivault_26
D:7:      layout_rooms, serial_shops, shop,
          lightli_ossuary_entry_decrepit_ruins, chequers_serial_rivers_micro_e
D:8:      layout_loops_ring, lemuel_tele_altar, hellmonk_guarded_unrand_lears
D:9:      layout_long_grid, lair_entry_dummy, chequers_serial_rivers_room_b,
          minivault_12
D:10:     layout_roguey, hiddenorc2_lemuel, minivault_10,
          chequers_guarded_unrand_ignorance, uniq_erica
D:11:     layout_gridville
D:12:     layout_grid_maze, hangedman_incinerator
D:13:     nicolae_whirlpool, layout_cave_pods, gammafunk_ghost_abyssal_escape,
          minmay_st_funbox
Lair:1:   layout_roguey, basic_altar
Lair:2:   beast_lair_carwin_large_1, layout_long_grid, minmay_swamp_entry_eels
Lair:3:   layout_long_grid, spider_nest_entry_funnel_web, uniq_kirke
Lair:4:   layout_concentric_octagons, nicolae_slime_entry_slimehenge,
          serial_bayou_ford_a, serial_bayou_pond_b,
          grunt_forest_stairs_clearing, infiniplex_staircase_pool_2
Lair:5:   hellmonk_lair_end_abyssal_woods, layout_regular_city,
          grunt_megastairs_2
Orc:1:    orc_temple, layout_diamond_mine, uniq_urug
Orc:2:    grunt_orc_cross, layout_diamond_mine, serial_shops,
          nicolae_shop_statue_plus, uniq_erolcha, uniq_jorgrun
Elf:1:    elf_arrival_002, layout_loops_corners, serial_shops, shop,
          hangedman_elf_represent

Skill      XL: |  1  2  3  4  5  6  7  8  9 10 11 12 13 14 15 |
---------------+----------------------------------------------+-----
Armour         | 4 5 6 7 9 10 11 12 13 | 13.1
Fighting       | 4 5 6 8 10 11 14 16 18 19 | 19.3
Shields        | 4 5 6 7 8 10 11 | 11.9
Axes           | 3 4 5 7 9 11 13 15 17 18 | 18.1
Dodging        | 1 2 3 4 |  4.6
Invocations    | 3 5 6 8 |  8.9
Polearms       | 1 |  1.8

Action                   |  1- 3 |  4- 6 |  7- 9 | 10-12 | 13-15 || total
-------------------------+-------+-------+-------+-------+-------++-------
Melee: War axe           |    68 |   136 |   217 |   509 |   783 ||  1713
       Headbutt          |    12 |    23 |    58 |   141 |   229 ||   463
       Kick              |       |       |       |   116 |   370 ||   486
       Trident           |       |       |       |    13 |       ||    13
Throw: Throwing net      |       |       |       |       |     1 ||     1
Invok: Divine Shield     |       |       |     1 |       |     7 ||     8
       Cleansing Flame   |       |       |       |       |     3 ||     3
Evoke: Wand              |       |       |       |       |     1 ||     1
  Use: Scroll            |       |       |       |    21 |     8 ||    29
       Potion            |       |       |       |     4 |     3 ||     7
Armor: Scale mail        |    35 |       |       |       |       ||    35
       Chain mail        |     8 |    78 |    47 |   290 |   352 ||   775
       Plate armour      |       |       |    34 |       |       ||    34
Dodge: Dodged            |    31 |    51 |   100 |   257 |   311 ||   750
Block: Buckler           |    12 |    36 |    51 |   101 |    98 ||   298
       Kite shield       |       |       |       |       |   266 ||   266
